Map: Neon Violet Square LE

Players

LiquidMaNa (MaNa)

  • Race: Protoss Protoss
  • League: Master
  • Spawn Location: 11:00

Lambo - Winner!

  • Race: Zerg Zerg
  • League: Grandmaster
  • Spawn Location: 5:00

Event: HomeStory Cup XVI

VOD

Have the link to the VOD?

Description

Time

  • Played on: Nov. 9, 2017, 4:01 p.m.
  • Length: 13:34

All games in this series

Show
View Real Time Build Order
Export as new Build Order

LiquidMaNa Protoss 

Build Orders: 1 Gate Expand 

Get SALT Encoding   

  12  0:02  Probe (Chrono Boost)  
  14  0:14  Probe (Chrono Boost)  
  14  0:20  Pylon  
  14  0:26  Probe (Chrono Boost)  
  15  0:34  Probe (Chrono Boost)  
  15  0:42  Probe (Chrono Boost)  
  16  0:44  Gateway  
  16  0:48  Assimilator  
  17  0:54  Probe (Chrono Boost)  
  18  1:00  Probe (Chrono Boost)  
  18  1:08  Probe (Chrono Boost)  
  20  1:24  Nexus  
  20  1:34  Cybernetics Core  
  20  1:38  Probe (Chrono Boost)  
  21  1:42  Assimilator  
  21  1:50  Probe (Chrono Boost)  
  21  1:52  Pylon  
  23  2:02  Probe (Chrono Boost)  
  23  2:10  Stalker  
  23  2:11  Warp Gate  
  23  2:15  Probe (Chrono Boost)  
  26  2:27  Probe (Chrono Boost)  
  26  2:28  Stargate  
  26  2:34  Probe x2 (Chrono Boost)  
  27  2:40  Probe (Chrono Boost)  
  27  2:41  Probe (Chrono Boost)  
  29  2:51  Adept  
  33  2:52  Probe (Chrono Boost)  
  33  2:53  Probe (Chrono Boost)  
  34  3:01  Void Ray  
  34  3:04  Probe (Chrono Boost)  
  34  3:05  Probe (Chrono Boost)  
  40  3:17  Probe x2 (Chrono Boost)  
  42  3:20  Pylon  
  42  3:29  Probe x2 (Chrono Boost)  
  42  3:30  Gateway  
  42  3:33  Pylon  
  44  3:41  Probe x2 (Chrono Boost)  
  46  3:43  Twilight Council  
  46  3:50  Robotics Facility  
  46  3:54  Probe (Chrono Boost)  
  46  3:55  Probe (Chrono Boost)  
  48  3:59  Resonating Glaives  
  48  4:06  Pylon  
  48  4:10  Gateway  
  48  4:11  Gateway  
  48  4:13  Gateway  
  48  4:25  Adept x2  
  48  4:29  Warp Prism, Gateway  
  53  4:36  Gateway  
  53  4:45  Gateway  
  54  4:50  Gateway  
  54  4:53  Adept  
  54  4:54  Adept  
  58  5:09  Pylon  
  58  5:11  Pylon  
  58  5:25  Adept x5  
  58  5:26  Adept  
  70  5:29  Pylon  
  70  5:30  Pylon  
  70  5:47  Adept x6  
  66  5:57  Warp Prism  
  58  6:10  Nexus  
  60  6:19  Assimilator, Probe x2 (Chrono Boost)  
  60  6:20  Assimilator  
  60  6:31  Probe x2 (Chrono Boost), Stargate  
  62  6:35  Stargate  
  62  6:37  Oracle  
  62  6:43  Probe x2 (Chrono Boost)  
  69  6:55  Probe x2 (Chrono Boost), Pylon  
  69  7:05  Oracle  
  69  7:06  Oracle  
  69  7:07  Assimilator, Probe x2 (Chrono Boost)  
  71  7:10  Oracle, Assimilator  
  71  7:19  Probe (Chrono Boost)  
  71  7:20  Probe (Chrono Boost)  
  78  7:25  Probe (Chrono Boost)  
  75  7:31  Probe (Chrono Boost)  
  75  7:32  Probe (Chrono Boost)  
  75  7:35  Adept  
  80  7:37  Adept x3, Probe (Chrono Boost)  
  80  7:42  Oracle, Adept  
  80  7:44  Probe (Chrono Boost)  
  92  8:02  Oracle x2  
  94  8:11  Oracle, Probe x3 (Chrono Boost)  
  97  8:25  Oracle x2  
  100  8:33  Nexus  
  100  8:36  Pylon  
  106  8:45  Oracle  
  104  8:55  Oracle x2  
  112  9:19  Shield Battery  
  112  9:20  Shield Battery  
  112  9:22  Adept x9  
  130  9:26  Nexus  
  130  9:35  Pylon x2  
  130  9:37  Pylon  
  130  9:50  Pylon  
  130  9:56  Adept x2  
  134  10:00  Adept x5  
  136  10:23  Oracle  
  136  10:26  Adept x7  
  136  10:27  Oracle x2  
  116  10:29  Adept  
  91  10:48  Oracle  
  91  10:49  Oracle  
  78  10:58  Oracle  
  87  11:06  Stargate  
  87  11:07  Stargate  
  87  11:08  Assimilator  
  87  11:12  Assimilator  
  87  11:16  Protoss Air Weapons Level 1  
  87  11:23  Oracle  
  87  11:25  Oracle  
  93  11:33  Oracle  
  96  11:43  Probe x4 (Chrono Boost)  
  100  11:50  Oracle x2  
  109  11:55  Probe x3 (Chrono Boost)  
  109  11:59  Oracle  
  109  12:00  Oracle  
  115  12:09  Oracle  
  115  12:14  Adept  
  120  12:21  Pylon  
  120  12:24  Oracle x2  
  120  12:29  Oracle  
  126  12:35  Oracle  
  132  12:37  Nexus  
  132  12:45  Oracle  
  135  12:51  Oracle x2  
Show
View Real Time Build Order
Export as new Build Order

Lambo Zerg - Winner!

Build Orders: Hatch First 

Get SALT Encoding   

  12  0:01  Drone  
  13  0:12  Overlord  
  13  0:17  Drone  
  14  0:31  Drone x2  
  14  0:35  Drone  
  17  0:52  Hatchery  
  17  0:55  Drone  
  17  0:58  Drone  
  18  1:09  Extractor  
  17  1:13  Spawning Pool  
  17  1:17  Drone  
  17  1:20  Drone  
  18  1:28  Drone  
  19  1:39  Overlord  
  19  1:49  Drone  
  20  2:00  Queen  
  20  2:01  Zergling x2  
  23  2:03  Queen  
  23  2:04  Zergling x2  
  26  2:11  Drone  
  26  2:12  Metabolic Boost  
  27  2:15  Drone  
  28  2:25  Drone  
  29  2:31  Drone  
  30  2:39  Hatchery  
  30  2:43  Drone  
  30  2:47  Pneumatized Carapace  
  30  2:50  Drone  
  31  2:54  Overlord  
  31  2:58  Drone  
  32  3:00  Drone  
  32  3:05  Drone  
  34  3:07  Drone  
  34  3:11  Drone  
  36  3:14  Drone x2  
  36  3:15  Drone  
  36  3:18  Drone  
  40  3:24  Queen  
  42  3:27  Drone  
  42  3:30  Spore Crawler  
  42  3:35  Spore Crawler  
  42  3:38  Drone x2  
  43  3:42  Evolution Chamber, Overlord  
  43  3:45  Drone  
  43  3:48  Drone  
  44  3:53  Drone  
  44  3:54  Drone x2  
  47  4:00  Queen  
  47  4:02  Drone x2  
  51  4:07  Lair  
  51  4:09  Spore Crawler  
  50  4:12  Drone  
  50  4:14  Drone x2  
  50  4:16  Drone  
  54  4:20  Overlord  
  54  4:22  Drone  
  55  4:28  Overlord  
  55  4:30  Drone x2  
  57  4:33  Baneling Nest  
  56  4:42  Extractor, Queen  
  57  4:47  Overlord  
  57  4:49  Zergling x12  
  57  4:51  Zerg Melee Weapons Level 1  
  63  4:54  Zergling x6  
  63  4:59  Overlord  
  66  5:00  Overlord  
  66  5:02  Spine Crawler  
  65  5:07  Overseer  
  65  5:08  Zergling x2  
  66  5:19  Zergling x18  
  75  5:24  Baneling x3  
  75  5:25  Zergling x8  
  79  5:29  Zergling x4  
  81  5:38  Baneling x4  
  81  5:41  Spine Crawler  
  80  5:48  Zergling x4  
  82  5:53  Drone x3  
  76  5:59  Drone x2  
  76  6:00  Drone  
  76  6:01  Drone x2  
  78  6:04  Hydralisk Den  
  78  6:05  Drone x3  
  78  6:09  Drone x2  
  81  6:25  Overlord  
  81  6:28  Overlord  
  81  6:29  Centrifical Hooks  
  81  6:30  Overlord  
  81  6:31  Overlord  
  81  6:34  Baneling  
  81  6:38  Extractor, Overlord  
  81  6:39  Zergling x2  
  81  6:42  Overlord  
  81  6:45  Overlord  
  81  6:47  Overlord  
  81  6:51  Baneling  
  81  6:52  Drone x3  
  84  6:54  Zergling x12  
  84  6:58  Zergling x8  
  96  7:02  Burrow  
  94  7:09  Drone x5  
  94  7:10  Hatchery  
  94  7:11  Drone  
  96  7:22  Drone  
  95  7:23  Drone x4  
  95  7:25  Zerg Missile Weapons Level 1, Extractor  
  95  7:26  Extractor x2, Drone x3  
  99  7:30  Overseer  
  99  7:32  Drone x3  
  99  7:36  Queen  
  104  7:41  Drone x2  
  106  7:50  Zergling x2  
  106  7:51  Zergling x10  
  111  7:58  Drone x3  
  111  7:59  Drone x2  
  114  8:12  Spore Crawler  
  113  8:13  Spore Crawler  
  113  8:16  Spore Crawler  
  113  8:17  Spore Crawler, Drone x3  
  113  8:18  Infestation Pit, Spore Crawler, Drone x6  
  117  8:22  Spore Crawler  
  116  8:28  Drone x8  
  116  8:29  Drone  
  116  8:32  Spore Crawler  
  116  8:34  Spore Crawler, Muscular Augments  
  123  8:39  Extractor, Hydralisk x4  
  123  8:40  Extractor  
  129  8:46  Hydralisk x3  
  135  8:50  Hydralisk  
  135  8:53  Hydralisk x3  
  133  8:57  Pathogen Glands  
  133  8:58  Drone x2  
  135  9:12  Overlord  
  135  9:14  Overlord  
  135  9:15  Hatchery  
  134  9:19  Overlord  
  134  9:22  Hydralisk x2  
  135  9:31  Infestor x4  
  133  9:38  Drone x2  
  143  9:39  Infestor x2  
  143  9:42  Spore Crawler, Drone  
  143  9:43  Drone x2  
  149  9:51  Infestor  
  151  9:54  Extractor  
  151  9:55  Extractor  
  151  9:58  Infestor  
  150  10:01  Hydralisk  
  150  10:02  Hydralisk x2  
  150  10:05  Baneling x3, Zergling x2  
  150  10:06  Zergling x12  
  159  10:07  Overlord x2  
  159  10:09  Overlord  
  156  10:14  Baneling x3  
  156  10:20  Queen  
  148  10:23  Hydralisk x7  
  148  10:26  Hydralisk  
  131  10:28  Hydralisk  
  131  10:29  Zergling x6  
  131  10:30  Zergling x4  
  131  10:32  Hydralisk, Zergling x2  
  131  10:33  Zergling x4  
  131  10:35  Zergling x6  
  139  10:40  Hydralisk x4, Drone x13  
  134  10:57  Infestor  
  134  10:58  Infestor  
  134  11:01  Drone x3  
  134  11:02  Queen, Drone x3  
  146  11:09  Drone  
  146  11:10  Infestor  
  149  11:15  Hive  
  149  11:26  Evolution Chamber  
  149  11:29  Spore Crawler  
  149  11:31  Queen  
  149  11:35  Infestor x2  
  149  11:36  Neural Parasite  
  153  11:42  Spine Crawler  
  153  11:43  Spine Crawler  
  153  11:46  Hydralisk x5  
  153  11:49  Overlord, Overseer  
  153  11:50  Overlord x2  
  153  11:53  Drone x2  
  153  11:54  Drone x3, Hatchery  
  166  11:55  Infestor  
  167  12:07  Spire  
  166  12:10  Drone x2  
  166  12:13  Hydralisk x4  
  176  12:19  Hydralisk x3  
  176  12:22  Overlord  
  182  12:27  Hydralisk  
  182  12:28  Hydralisk x4  
  191  12:31  Baneling x2  
  191  12:37  Hydralisk  
  191  12:38  Hydralisk x3  
  191  12:41  Baneling x4  
  199  13:04  Overlord  
Tags
 
Add a new tag
Caveats
  • Supply blocks, unpowered buildings, or Contaminate may cause inaccurate times.
  • Supply counts are checked every 10 seconds.